3A
HOGSMEADE CAULDRONS @ IDAHO FALLS CHUKARS
06/26/2024
 
TOP OF THE 1ST
Hogsmeade Cauldrons batting - Pitching for Idaho Falls Chukars : LHP Carlos Barajas
Pitching: LHP Carlos Barajas
Batting: LHB Tyler Knopp 0-0: Called Strike
0-1: Called Strike
0-2: Strikes out swinging
Batting: LHB Ignacio Medine 0-0: Ball
1-0: Ball
2-0: Called Strike
2-1: Ball
3-1: Ground out 1-3 (Groundball, 15)
Batting: RHB Santiago Mosca 0-0: Fly out, F7 (Line Drive, 78M)
Top of the 1st over - 0 run(s), 0 hit(s), 0 error(s), 0 left on base; Hogsmeade 0 - Idaho Falls 0
BOTTOM OF THE 1ST
Idaho Falls Chukars batting - Pitching for Hogsmeade Cauldrons : RHP James Dockery
Pitching: RHP James Dockery
Batting: RHB Miguel Luna 0-0: Ball
1-0: Called Strike
1-1: Called Strike
1-2: Foul Ball, location: 2F
1-2: Strikes out swinging
Batting: RHB Michael Bradshaw 0-0: Called Strike
0-1: Ball
1-1: Foul Ball, location: 2F
1-2: Ball
2-2: Foul Ball, location: 2F
2-2: Strikes out swinging
Batting: SHB Pablo Coloa 0-0: Called Strike
0-1: Called Strike
0-2: Foul Ball, location: 2F
0-2: Ball
1-2: Ground out 3-1 (Groundball, 34)
Bottom of the 1st over - 0 run(s), 0 hit(s), 0 error(s), 0 left on base; Hogsmeade 0 - Idaho Falls 0
TOP OF THE 2ND
Hogsmeade Cauldrons batting - Pitching for Idaho Falls Chukars : LHP Carlos Barajas
Batting: SHB Lupo Cotto 0-0: Ball
1-0: Ground out 6-3 (Groundball, 56)
Batting: RHB Gonzalo Ángel 0-0: Ball
1-0: Called Strike
1-1: Ball
2-1: Ball
3-1: Swinging Strike
3-2: Strikes out swinging
Batting: LHB Estefan Carrasco 0-0: Ball
1-0: Ball
2-0: Called Strike
2-1: Called Strike
2-2: Strikes out swinging
Top of the 2nd over - 0 run(s), 0 hit(s), 0 error(s), 0 left on base; Hogsmeade 0 - Idaho Falls 0
BOTTOM OF THE 2ND
Idaho Falls Chukars batting - Pitching for Hogsmeade Cauldrons : RHP James Dockery
Batting: RHB Adrian Rodgers 0-0: Ball
1-0: Foul Ball, location: 2F
1-1: Ball
2-1: Swinging Strike
2-2: Ball
3-2: Ground out 4-3 (Groundball, 4)
Batting: RHB Tan Bal 0-0: Called Strike
0-1: Swinging Strike
0-2: DOUBLE (Line Drive, 7LM)
Batting: LHB Armando Peña 0-0: Ball
1-0: Ball
2-0: Ball
3-0: Called Strike
3-1: Ground out 1-3 (Groundball, 13S)
Tan Bal to third
Batting: RHB Scott Ramsey 0-0: Called Strike
0-1: Swinging Strike
0-2: Strikes out swinging
Bottom of the 2nd over - 0 run(s), 1 hit(s), 0 error(s), 1 left on base; Hogsmeade 0 - Idaho Falls 0
TOP OF THE 3RD
Hogsmeade Cauldrons batting - Pitching for Idaho Falls Chukars : LHP Carlos Barajas
Batting: RHB Héctor Casas 0-0: Fly out, F8 (Line Drive, 78M)
Batting: RHB Jorge Ramos 0-0: Ball
1-0: Called Strike
1-1: Ground out 4-3 (Groundball, 4M)
Batting: RHB Jim Unknown 0-0: Ball
1-0: Called Strike
1-1: Ball
2-1: Ball
3-1: SINGLE (Line Drive, 56)
Batting: LHB Tyler Knopp 0-0: Ball
1-0: Called Strike
1-1: Called Strike
1-2: Ball
2-2: Ground out 4-3 (Groundball, 34)
Top of the 3rd over - 0 run(s), 1 hit(s), 0 error(s), 1 left on base; Hogsmeade 0 - Idaho Falls 0
BOTTOM OF THE 3RD
Idaho Falls Chukars batting - Pitching for Hogsmeade Cauldrons : RHP James Dockery
Batting: LHB Frank Sharp 0-0: Fly out, F7 (Flyball, 7S)
Batting: SHB Félix Medina 0-0: Ball
1-0: Fly out, F5 (Popup, 5F)
Batting: RHB Miguel Luna 0-0: Ball
1-0: Called Strike
1-1: Ball
2-1: Foul Ball, location: 2F
2-2: Ball
3-2: Ground out 4-3 (Groundball, 4)
Bottom of the 3rd over - 0 run(s), 0 hit(s), 0 error(s), 0 left on base; Hogsmeade 0 - Idaho Falls 0
TOP OF THE 4TH
Hogsmeade Cauldrons batting - Pitching for Idaho Falls Chukars : LHP Carlos Barajas
Batting: LHB Ignacio Medine 0-0: Called Strike
0-1: Fly out, F7 (Flyball, 7S)
Batting: RHB Santiago Mosca 0-0: Called Strike
0-1: Ball
1-1: Ball
2-1: Ground out 5-3 (Groundball, 6)
Batting: SHB Lupo Cotto 0-0: Ball
1-0: SINGLE (Line Drive, 78S)
Batting: RHB Gonzalo Ángel 0-0: Foul Ball, location: 2F
0-1: Ball
1-1: Ground out 1-3 (Groundball, 13)
Top of the 4th over - 0 run(s), 1 hit(s), 0 error(s), 1 left on base; Hogsmeade 0 - Idaho Falls 0
BOTTOM OF THE 4TH
Idaho Falls Chukars batting - Pitching for Hogsmeade Cauldrons : RHP James Dockery
Batting: RHB Michael Bradshaw 0-0: Ground out 4-3 (Groundball, 13)
Batting: SHB Pablo Coloa 0-0: Called Strike
0-1: Ball
1-1: Fly out, F8 (Flyball, 8RM)
Batting: RHB Adrian Rodgers 0-0: Ball
1-0: Ball
2-0: SINGLE (Line Drive, 4D)
Batting: RHB Tan Bal 0-0: Ball
1-0: Ball
2-0: Ball
3-0: Called Strike
3-1: SINGLE (Line Drive, 7LS)
Adrian Rodgers to second
Batting: LHB Armando Peña 0-0: Called Strike
0-1: Foul Ball, location: 2F
0-2: Ball
1-2: Ball
Wild Pitch!
Adrian Rodgers to third
Tan Bal to second
2-2: SINGLE (Flyball, 8LS)
Adrian Rodgers scores
Tan Bal to third
Batting: RHB Scott Ramsey 0-0: Fly out, F8 (Flyball, 78M)
Bottom of the 4th over - 1 run(s), 3 hit(s), 0 error(s), 2 left on base; Hogsmeade 0 - Idaho Falls 1
TOP OF THE 5TH
Hogsmeade Cauldrons batting - Pitching for Idaho Falls Chukars : LHP Carlos Barajas
Batting: LHB Estefan Carrasco 0-0: Ball
1-0: Called Strike
1-1: Ball
2-1: Ball
3-1: Base on Balls
Batting: RHB Héctor Casas 0-0: Ball
Estefan Carrasco steals 2nd base
1-0: Ball
2-0: Called Strike
2-1: Ball
3-1: Base on Balls
Batting: RHB Jorge Ramos 0-0: Called Strike
0-1: Called Strike
0-2: Ball
1-2: Foul Ball, location: 2F
1-2: Ball
2-2: Foul Ball, location: 2F
2-2: Strikes out swinging
Batting: RHB Jim Unknown 0-0: Ball
1-0: Swinging Strike
1-1: Ball
2-1: Foul Ball, location: 2F
2-2: SINGLE (Flyball, 4MD)
Estefan Carrasco to third
Héctor Casas to second
Batting: LHB Tyler Knopp 0-0: Called Strike
0-1: Called Strike
0-2: Strikes out swinging
Batting: LHB Ignacio Medine 0-0: Called Strike
0-1: Ball
1-1: Called Strike
1-2: Ball
2-2: Ball
3-2: Base on Balls
Estefan Carrasco scores
Héctor Casas to third
Jim Unknown to second
Batting: RHB Santiago Mosca 0-0: Ball
1-0: Ball
2-0: Ball
Wild Pitch!
Héctor Casas scores
Jim Unknown to third
Ignacio Medine to second
3-0: Called Strike
3-1: Fly out, F9 (Flyball, 89M)
Top of the 5th over - 2 run(s), 1 hit(s), 0 error(s), 2 left on base; Hogsmeade 2 - Idaho Falls 1
BOTTOM OF THE 5TH
Idaho Falls Chukars batting - Pitching for Hogsmeade Cauldrons : RHP James Dockery
Batting: LHB Frank Sharp 0-0: Ball
1-0: Swinging Strike
1-1: Ball
2-1: Ball
3-1: SINGLE (Flyball, 7S)
Batting: SHB Félix Medina 0-0: Called Strike
Frank Sharp steals 2nd base
0-1: Swinging Strike
0-2: Foul Ball, location: 2F
0-2: Ball
1-2: Strikes out looking
Batting: RHB Miguel Luna 0-0: Ball
1-0: Ball
2-0: Ball
3-0: Called Strike
3-1: Fly out, F3 (Popup, 4)
Batting: RHB Michael Bradshaw 0-0: Called Strike
0-1: Called Strike
0-2: Ball
1-2: 2-RUN HOME RUN (Flyball, 89XD), Distance : 420 ft
Batting: SHB Pablo Coloa 0-0: Fly out, F5 (Popup, 5L)
Bottom of the 5th over - 2 run(s), 2 hit(s), 0 error(s), 0 left on base; Hogsmeade 2 - Idaho Falls 3
TOP OF THE 6TH
Hogsmeade Cauldrons batting - Pitching for Idaho Falls Chukars : LHP Carlos Barajas
Batting: SHB Lupo Cotto 0-0: Ball
1-0: Called Strike
1-1: Ball
2-1: Foul Ball, location: 2F
2-2: Strikes out swinging
Batting: RHB Gonzalo Ángel 0-0: Ball
1-0: Called Strike
1-1: Foul Ball, location: 2F
1-2: Ball
2-2: Strikes out looking
Batting: LHB Estefan Carrasco 0-0: Called Strike
0-1: Called Strike
0-2: Ball
1-2: Ground out 4-3 (Groundball, 34)
Top of the 6th over - 0 run(s), 0 hit(s), 0 error(s), 0 left on base; Hogsmeade 2 - Idaho Falls 3
BOTTOM OF THE 6TH
Idaho Falls Chukars batting - Pitching for Hogsmeade Cauldrons : RHP James Dockery
Batting: RHB Adrian Rodgers 0-0: Called Strike
0-1: Ball
1-1: Called Strike
1-2: Ball
2-2: Strikes out swinging
Batting: RHB Tan Bal 0-0: Ball
1-0: Swinging Strike
1-1: Foul Ball, location: 2F
1-2: Strikes out swinging
Batting: LHB Armando Peña 0-0: Swinging Strike
0-1: SINGLE (Groundball, 34D)
Batting: RHB Scott Ramsey 0-0: Ball
1-0: Called Strike
Armando Peña steals 2nd base
1-1: Foul Ball, location: 2F
1-2: Ball
2-2: Fly out, F7 (Flyball, 78S)
Bottom of the 6th over - 0 run(s), 1 hit(s), 0 error(s), 1 left on base; Hogsmeade 2 - Idaho Falls 3
TOP OF THE 7TH
Hogsmeade Cauldrons batting - Pitching for Idaho Falls Chukars : LHP Carlos Barajas
Pitching: RHP Rick Kennedy
Batting: RHB Héctor Casas 0-0: Foul Ball, location: 2F
0-1: Swinging Strike
0-2: Strikes out swinging
Batting: RHB Jorge Ramos 0-0: Ball
1-0: SINGLE (Groundball, 56D)
Batting: RHB Jim Unknown 0-0: Ball
1-0: Called Strike
1-1: Called Strike
1-2: Fielders Choice at 2nd, 6-4 (Groundball, 6M)
Pinch Hitting: LHB David Breitling 0-0: Ball
1-0: Foul Ball, location: 2F
1-1: Ball
2-1: Ball
3-1: Foul Ball, location: 2F
3-2: Base on Balls
Jim Unknown to second
Batting: LHB Ignacio Medine 0-0: Foul Ball, location: 2F
0-1: Called Strike
0-2: Ball
1-2: Foul Ball, location: 2F
1-2: Ball
2-2: Foul Ball, location: 2F
2-2: Ball
3-2: Strikes out swinging
Top of the 7th over - 0 run(s), 1 hit(s), 0 error(s), 2 left on base; Hogsmeade 2 - Idaho Falls 3
BOTTOM OF THE 7TH
Idaho Falls Chukars batting - Pitching for Hogsmeade Cauldrons : RHP James Dockery
Now at 3B: Jim Unknown
Batting: LHB Frank Sharp 0-0: Ball
1-0: Ball
2-0: Fly out, F7 (Flyball, 7M)
Batting: SHB Félix Medina 0-0: Ball
1-0: Ball
2-0: Ball
3-0: Called Strike
3-1: Foul Ball, location: 2F
3-2: Fly out, F9 (Flyball, 9M)
Batting: RHB Miguel Luna 0-0: Ball
1-0: Foul Ball, location: 2F
1-1: Foul Ball, location: 2F
1-2: Strikes out swinging
Bottom of the 7th over - 0 run(s), 0 hit(s), 0 error(s), 0 left on base; Hogsmeade 2 - Idaho Falls 3
TOP OF THE 8TH
Hogsmeade Cauldrons batting - Pitching for Idaho Falls Chukars : RHP Rick Kennedy
Batting: RHB Santiago Mosca 0-0: Ball
1-0: Called Strike
1-1: Swinging Strike
1-2: Strikes out looking
Batting: SHB Lupo Cotto 0-0: Ball
1-0: Ball
2-0: Ground out 4-3 (Groundball, 34)
Batting: RHB Gonzalo Ángel 0-0: Ball
1-0: Ground out 5-3 (Groundball, 5S)
Top of the 8th over - 0 run(s), 0 hit(s), 0 error(s), 0 left on base; Hogsmeade 2 - Idaho Falls 3
BOTTOM OF THE 8TH
Idaho Falls Chukars batting - Pitching for Hogsmeade Cauldrons : RHP James Dockery
Pitching: RHP Lorenzo Valverde
Batting: RHB Michael Bradshaw 0-0: Foul Ball, location: 2F
0-1: Swinging Strike
0-2: Ball
1-2: Ball
2-2: Strikes out swinging
Batting: SHB Pablo Coloa 0-0: SINGLE (Line Drive, 34)
Batting: RHB Adrian Rodgers 0-0: Ball
1-0: Called Strike
1-1: Ball
2-1: Swinging Strike
2-2: Strikes out looking
Pablo Coloa steals 2nd base
Batter strikes out.
Batting: RHB Tan Bal 0-0: Called Strike
0-1: Swinging Strike
Passed Ball!
Pablo Coloa to third
0-2: Ball
1-2: Ball
2-2: Strikes out swinging
Bottom of the 8th over - 0 run(s), 1 hit(s), 0 error(s), 1 left on base; Hogsmeade 2 - Idaho Falls 3
TOP OF THE 9TH
Hogsmeade Cauldrons batting - Pitching for Idaho Falls Chukars : RHP Rick Kennedy
Pitching: LHP An Jang-Yop
Now at SS: Christian Gentry
Pinch Hitting: SHB Salvador Trevino 0-0: Foul Ball, location: 2F
0-1: Ball
1-1: Called Strike
1-2: Foul Ball, location: 2F
1-2: Strikes out swinging
Batting: RHB Héctor Casas 0-0: Ball
1-0: Foul Ball, location: 2F
1-1: Foul Ball, location: 2F
1-2: Foul Ball, location: 2F
1-2: Foul Ball, location: 2F
1-2: Ball
2-2: Ball
3-2: Strikes out swinging
Batting: RHB Jorge Ramos 0-0: Called Strike
0-1: Ground out 5-3 (Groundball, 56)
Top of the 9th over - 0 run(s), 0 hit(s), 0 error(s), 0 left on base; Hogsmeade 2 - Idaho Falls 3
This league is powered by Out of the Park Baseball, the baseball management simulation game for PC, Mac and Linux
Monday, October 3rd, 2016 - OOTP Baseball 16.9 Build 39